[Event "*** Titled Tuesday Blitz"]
[Site "Chess.com"]
[Date "2018.01.02"]
[Round "8"]
[White "mishanick"]
[Black "comedy_of_errors"]
[Result "1-0"]
[WhiteElo "2771"]
[BlackElo "2593"]
[TimeControl "180+2"]
[EndTime "14:48:11 PST"]
[Termination "mishanick won by resignation"]

1. d4 Nf6 2. c4 g6 3. Nc3 Bg7 4. e4 d6 5. Nf3 O-O 6. Be2 e5 7. Be3 h6 8. dxe5 Ng4 9. Bf4 dxe5 10. Qxd8 Rxd8 11. Bg3 Nc6 12. Nd5 Rd7 13. O-O-O Nf6 14.
Bd3 Nh5 15. Bc2 Nxg3 16. hxg3 Nd4 17. Nxd4 exd4 18. Nf4 c6 19. Nd3 Re7 20. Rde1 Be6 21. Bb3 a5 22. c5 Bxb3 23. axb3 a4 24. Kc2 axb3+ 25. Kxb3 b6 26. cxb6 Rb7 27. Ra1 Rxb6+ 28. Kc4 Re8 29. f3 h5 30. Ra7 Reb8 31. Rha1 Rb5 32.
Ra8 Rxa8 33. Rxa8+ Kh7 34. f4 g5 35. Ra7 Kg8 36. Ra6 gxf4 37. gxf4 h4 38. e5 Bf8 39. Rxc6 Ra5 40. Kxd4 Ra1 41. Ke4 Rf1 42. Rc8 Kg7 43.
f5 Rg1 44. f6+ Kg8 45. Nf4 Rb1 46. Nd5 Rxb2 47. Ne7+ Kh7 48. Rxf8 Rxg2 49. Rxf7+ Kh8 50. Kf5 Rf2+ 51. Kg6 Rg2+ 52. Kh6 h3 53. Rf8+ 1-0

[Event "*** Titled Tuesday Blitz"]
[Site "Chess.com"]
[Date "2018.01.02"]
[Round "8"]
[White "Kawhi_Leonard2"]
[Black "tomsishere"]
[Result "1-0"]
[WhiteElo "2186"]
[BlackElo "2292"]
[TimeControl "180+2"]
[EndTime "14:48:13 PST"]
[Termination "Kawhi_Leonard2 won by resignation"]

1. e4 c5 2. Nf3 e6 3. d4 cxd4 4.
Nxd4 Nc6 5. Nc3 Qc7 6. f4 a6 7.
Nxc6 bxc6 8. Bd3 d5 9. Qe2 Nf6 10. Bd2 Be7 11. b3 O-O 12. O-O c5 13. Rae1 c4 14.
bxc4 dxc4 15. Bxc4 Bb7 16. e5 Nd7 17. f5 Rac8 18.
Bb3 Bc5+ 19. Kh1 exf5 20. Rxf5 Rce8 21. Rxf7 Rxf7 22. Rf1 Nxe5 23. Rxf7 Nxf7 24. Qxe8+ Bf8 25. Nd5 Qd8 26. Qe6 Bc8 27. Qe4 Kh8 28. Bc3 Qg5 29.
h3 Qc1+ 30. Kh2 Qf1 31. Bd2 Bd6+ 32. Bf4 Bxf4+ 33. Nxf4 Nd6 34. Qe5 Qd1 35. Nd5 Qd2 36. Qxd6 h5 37. Qf8+ Kh7 38. Nf6+ gxf6 39. Bg8+ Kg6 40.
Bf7+ Kf5 41. Qxc8+ Kg5 42. Qc7 f5 43. Bb3 Qe2 44.
Qg7+ Kf4 45. Qh6+ Ke4 46. Qe6+ 1-0

[Event "*** Titled Tuesday Blitz"]
[Site "Chess.com"]
[Date "2018.01.02"]
[Round "8"]
[White "AndrewDGreen"]
[Black "LuisFSiles"]
[Result "1-0"]
[WhiteElo "2129"]
[BlackElo "2215"]
[TimeControl "180+2"]
[EndTime "14:48:16 PST"]
[Termination "AndrewDGreen won by resignation"]

1. d4 Nf6 2. Nf3 g6 3. Nc3 d5 4. Bf4 Bg7 5. e3 O-O 6. Be2 b6 7. Ne5 Bb7 8. h4 Nfd7 9. h5 Nxe5 10. Bxe5 f6 11. Bg3 e5 12. hxg6 hxg6 13. dxe5 fxe5 14. Bg4 Qd6 15. Qd2 d4 16. exd4 Qxd4 17. Be6+ Rf7 18. Qxd4 exd4 19. Nd5 Na6 20. O-O-O Re8 21. Bxf7+ Kxf7 22.
Nxc7 Nxc7 23. Bxc7 Bxg2 24. Rh2 Bf3 25. Rg1 Re2 26. Bf4 d3 27. Bd2 Bxb2+ 28. Kxb2 Rxd2 29. Rc1 Re2 30. Kc3 d2 31. Rd1 Re5 32. Rxd2 Rc5+ 33. Kb2 Rb5+ 34. Kc3 Rc5+ 35. Kd4 Ke6 36. Rh7 Ra5 37.
Ke3 Bc6 38. Rg7 Kf6 39. Rc7 Ra3+ 40. Rd3 Rxd3+ 41. cxd3 Bd5 42. Rxa7 g5 43. a3 g4 44. Ra6 Ke5 45. Rxb6 Ba8 46. Rb4 Bf3 47. a4 Kd5 48. a5 Kc5 49. Rb2 Bc6 50. a6 g3 51. fxg3 1-0

[Event "*** Titled Tuesday Blitz"]
[Site "Chess.com"]
[Date "2018.01.02"]
[Round "8"]
[White "kleinebeer98"]
[Black "ckgchess"]
[Result "0-1"]
[WhiteElo "2499"]
[BlackElo "2484"]
[TimeControl "180+2"]
[EndTime "14:48:20 PST"]
[Termination "ckgchess won on time"]

1. e4 c5 2. Nf3 d6 3. d4 cxd4 4. Nxd4 Nf6 5. Nc3 a6 6. Bc4 e6 7. Be3 Be7 8. O-O O-O 9. a4 Nbd7 10. Ba2 Nc5 11. Qf3 Qc7 12. g4 b6 13. g5 Nfd7 14.
Qg2 Ne5 15. f4 Nc6 16. f5 Nxd4 17. Bxd4 g6 18. Rf3 Bb7 19. f6 Bd8 20. Qh3 h5 21. gxh6 Kh7 22. Re1 Nd7 23. Ref1 Ne5 24. Rg3 Nc6 25.
Be3 b5 26. Qg2 b4 27. Ne2 Ne5 28. Nd4 Qd7 29. Bf4 Bb6 30. Be3 Rac8 31. Kh1 Bxd4 32. Bxd4 Qc6 33. Bxe5 dxe5 34. Re3 Qxc2 35. Re2 Qxa4 36.
Bxe6 fxe6 37. Rg1 Qe8 38. f7 Qxf7 39. Rf2 Qg8 40. Rd2 Rcd8 41. Rc2 Rc8 42. Rd2 Rcd8 43.
Rc2 Rd7 44. Re2 Rf4 45. Qg5 Rxe4 0-1

[Event "*** Titled Tuesday Blitz"]
[Site "Chess.com"]
[Date "2018.01.02"]
[Round "8"]
[White "DagurR"]
[Black "DiogenesSinopeus"]
[Result "1-0"]
[WhiteElo "2336"]
[BlackElo "2383"]
[TimeControl "180+2"]
[EndTime "14:48:25 PST"]
[Termination "DagurR won by resignation"]

1. d4 Nf6 2. c4 e6 3. Nc3 Bb4 4. a3 Bxc3+ 5. bxc3 c5 6. f3 O-O 7. e4 Ne8 8. Bd3 b6 9. Ne2 Nc6 10. O-O Ba6 11. f4 f5 12. exf5 exf5 13. dxc5 bxc5 14.
Be3 d6 15. Ng3 g6 16. Bxf5 gxf5 17. Qd5+ Kh8 18. Qxc6 Bxc4 19. Rfd1 Rc8 20. Qa4 d5 21. Qxa7 Rc7 22. Qa4 Nd6 23. Rab1 Qe7 24. Re1 Qg7 25. Rb6 Ne4 26. Qc2 Qxc3 27. Qxc3+ Nxc3 28. Bc1 Ne4 29. Bb2+ Kg8 30. Be5 Ra7 31. Nxe4 fxe4 32. Re3 Rg7 33. Bxg7 Kxg7 34. Rg3+ Kf7 35. Rc6 Ra8 36. Rh3 Bd3 37. Rxh7+ Kg8 38. Rd7 c4 39. Rxd5 e3 40. Re5 e2 41. Kf2 Kf8 42.
f5 Rxa3 43. f6 Kf7 44. Re7+ Kg6 45. f7+ Kg7 46. Rc8 Ra1 47. f8=Q+ 1-0

[Event "*** Titled Tuesday Blitz"]
[Site "Chess.com"]
[Date "2018.01.02"]
[Round "8"]
[White "angieflynn"]
[Black "BillCoe"]
[Result "0-1"]
[WhiteElo "1822"]
[BlackElo "1928"]
[TimeControl "180+2"]
[EndTime "14:48:28 PST"]
[Termination "BillCoe won by resignation"]

1. d4 d5 2. Bf4 e6 3. Nf3 c5 4. e3 Nc6 5. c3 Nf6 6. Nbd2 a6 7.
Bd3 Be7 8. O-O O-O 9. h3 b5 10. Ne5 Nxe5 11. dxe5 Nd7 12. Bh2 Re8 13. Qh5 Nf8 14. Nf3 Bb7 15. Nd2 d4 16. exd4 cxd4 17. c4 g6 18. Qg4 Qb6 19. Rac1 Rac8 20. Nf3 Red8 21. Ng5 h5 22. Qg3 Nh7 23. Nxf7 Kxf7 24. Qxg6+ Kf8 25. Qxh7 Ke8 26. Qxh5+ Kd7 27. Kh1 Rh8 28. Qe2 Rxh3 29. Be4 Bxe4 30. Qxe4 Rh4 31. Qf3 Rch8 32. g3 Rxh2+ 33. Kg1 Rh1+ 34. Qxh1 Rxh1+ 35. Kxh1 Qc6+ 36. f3 bxc4 37. Rfd1 Qc5 38. Kg2 Qxe5 39. Rd2 Qd5 40. Rcd1 e5 41. Kf2 Ke6 42. f4 Bd6 43. fxe5 Bxe5 44. Re1 Qc5 45. Rde2 d3+ 46. Re3 Kf6 47.
Kg2 Bxb2 48. Rf3+ Kg5 49. Rfe3 d2 50. Rd1 c3 0-1

[Event "*** Titled Tuesday Blitz"]
[Site "Chess.com"]
[Date "2018.01.02"]
[Round "8"]
[White "jbj"]
[Black "windking123"]
[Result "1-0"]
[WhiteElo "2324"]
[BlackElo "2418"]
[TimeControl "180+2"]
[EndTime "14:48:29 PST"]
[Termination "jbj won by checkmate"]

1. e4 c5 2. d4 cxd4 3. c3 dxc3 4. Nxc3 Nc6 5. Nf3 e6 6. Bc4 a6 7.
O-O Qc7 8. Bb3 d6 9. Bf4 Ne5 10. Rc1 Qb8 11. Na4 b5 12. Nc5 Nf6 13. Nd3 Nxf3+ 14.
Qxf3 Be7 15. e5 dxe5 16. Nxe5 Qb7 17. Rxc8+ Qxc8 18. Rc1 Qd8 19. Nc6 Qd7 20. Nxe7 Kxe7 21. Rc7 Qxc7 22. Bxc7 Rhc8 23. Qb7 Ke8 24. h3 Nd7 25. Bd6 Rc1+ 26. Kh2 Rac8 27. a4 R8c6 28. Qa8+ Rc8 29. Qe4 R1c6 30. Ba3 Nc5 31. Bxc5 Rxc5 32. Qxh7 g6 33. axb5 axb5 34. Qg8+ Ke7 35. Qg7 Rf5 36. Qd4 Rd8 37. Qe3 Rd7 38. g4 Rf6 39. Qg5 Rd4 40. Kg3 Rd3+ 41. Kg2 Rxb3 42. Qc5+ Ke8 43.
Qc8+ Ke7 44. Qc7+ Ke8 45. Qb8+ Ke7 46. Qa7+ Kf8 47. Qd4 Rff3 48. h4 Rfd3 49. Qh8+ Ke7 50. h5 Rh3 51. Qe5 gxh5 52. gxh5 Kf8 53. Qg5 Rhf3 54.
h6 Rf5 55. Qd8# 1-0

[Event "*** Titled Tuesday Blitz"]
[Site "Chess.com"]
[Date "2018.01.02"]
[Round "8"]
[White "DrVelja"]
[Black "Babbelbox"]
[Result "1-0"]
[WhiteElo "2555"]
[BlackElo "2433"]
[TimeControl "180+2"]
[EndTime "14:48:30 PST"]
[Termination "DrVelja won by checkmate"]

1. e4 e6 2. d4 d5 3. Nc3 Bb4 4. Ne2 Nf6 5. Bg5 dxe4 6. a3 Be7 7. Bxf6 gxf6 8. Nxe4 b6 9. g3 f5 10. N4c3 Bb7 11.
Rg1 Nd7 12. Bg2 Bxg2 13. Rxg2 Nf6 14. Qd3 Qd7 15. O-O-O O-O-O 16. Qf3 Kb8 17. Nf4 Bd6 18. Rgg1 h5 19. h4 Ng4 20. Nd3 Qe7 21. Qe2 Qf6 22. f3 Qh6+ 23. Kb1 Ne3 24. Rde1 Nc4 25. f4 f6 26. Rg2 Rhe8 27. Qf3 e5 28. dxe5 fxe5 29. fxe5 Nxe5 30. Nxe5 Rxe5 31. Rge2 Rde8 32. Rxe5 Rxe5 33. Rd1 Qe3 34. Qc6 Qxg3 35. Nb5 Re1 36. Rxe1 Qxe1+ 37. Ka2 Qe6+ 38. c4 f4 39. Nd4 Qf7 40. Kb3 Bc5 41.
Nf3 Qe7 42. Qd5 a5 43. Ka4 Qe8+ 44. Kb3 a4+ 45. Ka2 Qe2 46. Ne5 Qc2 47. Qd8+ Kb7 48.
Qd5+ Ka7 49. Nc6+ Ka6 50. Nb4+ Bxb4 51. Qa8# 1-0

[Event "*** Titled Tuesday Blitz"]
[Site "Chess.com"]
[Date "2018.01.02"]
[Round "8"]
[White "EndgameGrinder"]
[Black "ZapataCharlesS"]
[Result "0-1"]
[WhiteElo "2465"]
[BlackElo "2638"]
[TimeControl "180+2"]
[EndTime "14:48:36 PST"]
[Termination "ZapataCharlesS won by resignation"]

1. e4 c5 2. Nf3 e6 3. d4 cxd4 4. Nxd4 Nf6 5. Nc3 Nc6 6. Ndb5 Bc5 7. Bf4 O-O 8. Bd6 Qb6 9. Bxc5 Qxc5 10. Qd6 Qb6 11.
Qc7 Qc5 12. Qd6 Qh5 13. Be2 Qg6 14. f3 a6 15. Nd4 Qxg2 16. O-O-O Nxd4 17. Qxd4 Qg5+ 18. Kb1 Qf4 19. Rhg1 d5 20. Bd3 b5 21. Ne2 Qh6 22.
e5 Nd7 23. Rg4 g6 24. Rdg1 Bb7 25. Nf4 Qxh2 26. Bxg6 fxg6 27. Nxg6 hxg6 28. Rxg6+ Kf7 29. Rg7+ Ke8 30. Qb4 Rf7 31. Rg8+ Nf8 32. Qd6 Qh6 33. a4 Rc8 34. R1g6 Qxg6 35. Rxg6 Nxg6 36. Qxe6+ Ne7 37. axb5 axb5 38. Qg4 Rc6 39. f4 Bc8 40. Qe2 Bf5 41. Qxb5 Kf8 42. Ka2 Rxc2 43. Qb7 Kg7 44. Qb6 Rc6 45.
Qb7 Re6 46. b4 d4 47. Qb6 Rxb6 0-1

[Event "*** Titled Tuesday Blitz"]
[Site "Chess.com"]
[Date "2018.01.02"]
[Round "8"]
[White "timator"]
[Black "Colombiano07"]
[Result "1-0"]
[WhiteElo "2327"]
[BlackElo "2214"]
[TimeControl "180+2"]
[EndTime "14:48:38 PST"]
[Termination "timator won on time"]

1. Nf3 d5 2. g3 Bf5 3. Bg2 e6 4. O-O Nf6 5. d3 Be7 6. Nbd2 h6 7. Qe1 O-O 8. e4 Bh7 9. Qe2 c5 10. b3 Nc6 11. Bb2 b5 12. a4 a6 13. Ne5 Nxe5 14.
Bxe5 dxe4 15. Nxe4 Rc8 16. axb5 axb5 17. Ra7 Nxe4 18.
dxe4 Bf6 19. Bxf6 Qxf6 20. Qxb5 Qc3 21. Qe2 Rfd8 22. Rd1 Rd4 23. Rd7 e5 24. Qa6 Rf8 25. Qe2 Ra8 26. Rd5 Bg6 27. h4 Ra2 28. Rd8+ Kh7 29.
h5 Rxc2 30. hxg6+ fxg6 31. Qg4 Rxd8 32. Rxd8 Qe1+ 33. Kh2 Qxf2 34. Qh3 Rc1 35. Qe6 h5 36. Qe8 Kh6 37. Qxe5 Kh7 38. Rd7 Qf8 39. Qf4 Qxf4 40.
gxf4 Rc3 41. Rc7 Rxb3 42. Rxc5 Kh6 43. e5 Re3 44. Rc4 g5 45. f5 Rxe5 46. Rc6+ Kh7 47. Re6 Ra5 48. Be4 Kg8 49. Rg6 Re5 50. Bb1 Re2+ 51.
Kg3 Re3+ 52. Kf2 Rb3 53. Ba2 1-0

[Event "*** Titled Tuesday Blitz"]
[Site "Chess.com"]
[Date "2018.01.02"]
[Round "8"]
[White "Superfelix"]
[Black "TST2014"]
[Result "1-0"]
[WhiteElo "2353"]
[BlackElo "2307"]
[TimeControl "180+2"]
[EndTime "14:48:44 PST"]
[Termination "Superfelix won on time"]

1. e4 c5 2. Nf3 Nc6 3. d4 cxd4 4. Nxd4 Nf6 5. Nc3 d6 6. f3 e5 7. Nb3 Be7 8. Be3 O-O 9. Qd2 a5 10. Nc1 Be6 11. Nd5 Bxd5 12. exd5 Nb4 13. c4 Rc8 14. a3 Na6 15. b4 Nh5 16. Nb3 Nf4 17. g3 Ng6 18. Nxa5 Qd7 19. h4 f5 20. Bf2 Bf6 21. Ra2 Rfe8 22. h5 Nf8 23. Bh3 e4 24. f4 b6 25. Nc6 Rxc6 26. dxc6 Qxc6 27. Qd5+ Qxd5 28. cxd5 e3 29. Bg1 g6 30. Ke2 Nc7 31. hxg6 hxg6 32. Bg2 Nb5 33. Kd3 e2 34. Rxe2 Ra8 35. Ra2 Rc8 36.
Rc2 Ra8 37. Bxb6 Rxa3+ 38. Ke2 Rxg3 39. Bf3 Bd4 40. Bd8 Nc3+ 41. Rxc3 Bxc3 42. b5 Nd7 43.
Kf2 Rxf3+ 44. Kxf3 Bd4 45. Rd1 Bc5 46. Rb1 Bb6 47. Bxb6 Nxb6 48. Ke3 Nxd5+ 49. Kd4 Nb6 50. Rc1 Kf7 51. Rc6 Na4 52. b6 Nc5 53. Rxc5 dxc5+ 54. Kxc5 g5 55. fxg5 Kg7 56. b7 Kg6 57. b8=Q Kxg5 58.
Qg3+ Kf6 59. Qf4 Ke6 60. Kd4 1-0

[Event "*** Titled Tuesday Blitz"]
[Site "Chess.com"]
[Date "2018.01.02"]
[Round "8"]
[White "Maili15"]
[Black "ChessicallyInclined"]
[Result "0-1"]
[WhiteElo "2281"]
[BlackElo "2221"]
[TimeControl "180+2"]
[EndTime "14:48:46 PST"]
[Termination "ChessicallyInclined won by checkmate"]

1. d4 d5 2. c4 e6 3. Nc3 Nf6 4. cxd5 exd5 5. Bg5 Be7 6. e3 c6 7. Bd3 Nbd7 8. Qc2 h6 9. Bh4 Nh5 10. Bxe7 Qxe7 11. Nge2 Nb6 12. h3 Bd7 13. g4 Nf6 14.
O-O-O O-O-O 15. Ng3 g6 16. Rhe1 Kb8 17. Kb1 Rhe8 18. f3 Nh7 19. e4 Qh4 20. Qg2 dxe4 21. Ngxe4 f5 22. Nf2 Nf6 23. Re5 Nbd5 24. Nxd5 Nxd5 25.
Rde1 f4 26. Bxg6 Ne3 27. Qg1 Rxe5 28. dxe5 Be6 29. Nd3 Qg5 30. Nxf4 Qxf4 31. Qxe3 Rd1+ 32. Kc2 Qa4+ 33. b3 Rxe1 34. Qxe1 Qxa2+ 35. Kd3 Qxb3+ 36. Ke4 Qc2+ 37. Kf4 Qxg6 38. Qd1 Qf7+ 39. Kg3 Bd5 40. f4 b5 41. f5 Kb7 42. Qe2 a5 43. e6 Qc7+ 44.
Kh4 Qe7+ 45. Kg3 a4 46. h4 a3 47. Qd1 a2 48. Qa1 Qa3+ 49. Kf4 Qf3+ 50. Ke5 Qe4+ 51.
Kf6 Qb1 52. Qe5 a1=Q 53. e7 Qxe5+ 54. Kxe5 Qe4+ 55. Kf6 b4 56. g5 hxg5 57. hxg5 b3 58.
g6 b2 59. g7 b1=Q 60. g8=Q Qxf5+ 61. Kg7 Qg6+ 62. Kf8 Qxg8# 0-1

[Event "*** Titled Tuesday Blitz"]
[Site "Chess.com"]
[Date "2018.01.02"]
[Round "8"]
[White "Blitzstream"]
[Black "capatl"]
[Result "1-0"]
[WhiteElo "2510"]
[BlackElo "2380"]
[TimeControl "180+2"]
[EndTime "14:48:47 PST"]
[Termination "Blitzstream won by checkmate"]

1. e4 c5 2. Nf3 e6 3. b4 b6 4. bxc5 bxc5 5. Nc3 Nc6 6. g4 Bb7 7. Rb1 Rb8 8. Bg2 Be7 9. O-O h5 10. g5 Nd4 11. Nxd4 cxd4 12. Ne2 d3 13. cxd3 Bxg5 14. Bb2 Bf6 15. Ba3 Ba6 16. Rxb8 Qxb8 17. Qc2 Ne7 18. Rb1 Qc8 19. Qxc8+ Nxc8 20. Nc1 Nb6 21. Bc5 Bd8 22. d4 Bc7 23. e5 Bc4 24. d3 Ba6 25. Nb3 Bxd3 26. Rc1 Ba6 27. Nd2 f5 28. Nf3 Kf7 29.
Ng5+ Kg6 30. f4 Rc8 31. Bf3 Bd8 32. Kf2 Bxg5 33. fxg5 Na4 34. h4 Nb2 35. Ke3 Nc4+ 36. Kf4 Nb2 37. Rb1 Nd3+ 38. Ke3 Nxc5 39. dxc5 Rxc5 40.
Kd4 Rc4+ 41. Ke3 f4+ 42. Kf2 Rc2+ 43. Kg1 Bd3 44. Rd1 Bf5 45. Rxd7 Rxa2 46. Re7 a5 47.
Bc6 a4 48. Be8+ Kh7 49. Bxh5 a3 50. Ra7 Ra1+ 51. Kf2 a2 52. Bf3 Bd3 53. h5 Bf5 54. Ra8 Bd3 55. Ra7 Kg8 56. g6 Kf8 57. Bc6 Bf5 58.
Ra8+ Ke7 59. Re8# 1-0

[Event "*** Titled Tuesday Blitz"]
[Site "Chess.com"]
[Date "2018.01.02"]
[Round "8"]
[White "Divertissement"]
[Black "1e41-0"]
[Result "1-0"]
[WhiteElo "2428"]
[BlackElo "2356"]
[TimeControl "180+2"]
[EndTime "14:48:53 PST"]
[Termination "Divertissement won by resignation"]

1. b3 e5 2. Bb2 Nc6 3. e3 Nf6 4. Bb5 Bd6 5. Na3 Na5 6. Nc4 Nxc4 7. Bxc4 c6 8. Nf3 Qe7 9. O-O O-O 10. a4 Bc7 11.
Be2 d5 12. d4 e4 13. Ne5 Nd7 14. Nxd7 Bxd7 15. Qd2 Bd6 16. c4 f5 17. f4 Kh8 18. g3 h6 19. h4 Bb4 20. Bc3 a5 21.
Bxb4 Qxb4 22. Qxb4 axb4 23. cxd5 cxd5 24. Rfc1 Rfc8 25.
Rc5 Rxc5 26. dxc5 Rc8 27. Rd1 Rxc5 28. Rd4 Bc6 29. Rxb4 Rc2 30. Kf1 Kg8 31. a5 Ra2 32.
a6 bxa6 33. Rb6 Bb5 34. Bxb5 axb5 35. Rxb5 Rd2 36. Ke1 Rb2 37. Rxd5 Rxb3 38. Kd2 g6 39. h5 Rb2+ 40. Kc3 Rg2 41. hxg6 Rxg3 42. Kd4 Rxg6 43. Rxf5 Rg1 44. Kxe4 Kg7 45. Ke5 Kg6 46. Rf6+ Kg7 47. Ra6 h5 48. Ra7+ Kh6 49. f5 h4 50. e4 h3 51. Ra3 Rh1 52. Kf6 Kh5 53. e5 Kg4 54.
Ra4+ Kg3 55. e6 Re1 56. Ra3+ Kg2 57. Ra2+ Kf3 58. Kf7 Re2 59. Rxe2 Kxe2 60. e7 h2 61. e8=Q+ Kf2 62. Qa8 Kg1 63. f6 h1=Q 1-0

[Event "*** Titled Tuesday Blitz"]
[Site "Chess.com"]
[Date "2018.01.02"]
[Round "8"]
[White "plouarzel"]
[Black "chesstatour"]
[Result "1/2-1/2"]
[WhiteElo "2318"]
[BlackElo "2038"]
[TimeControl "180+2"]
[EndTime "14:49:01 PST"]
[Termination "Game drawn - insufficient material"]

1. e4 c6 2. Nf3 d5 3. Nc3 dxe4 4. Nxe4 Nf6 5. Qe2 Nxe4 6. Qxe4 Qd5 7. Qe2 Bg4 8. b3 Bxf3 9. gxf3 Nd7 10. Bb2 Nf6 11. O-O-O e6 12. Rg1 O-O-O 13. h4 h6 14. Bh3 Nh5 15.
Qe4 f5 16. Qa4 Kb8 17. Rge1 Bd6 18. d4 Rhe8 19. Bf1 Qxf3 20. Be2 Qf4+ 21. Kb1 Nf6 22. c4 Bc7 23. Bf1 Qxh4 24. c5 Nd5 25. Qc4 Qf6 26.
Ka1 e5 27. dxe5 Bxe5 28. Bxe5+ Rxe5 29. Kb1 Rxe1 30. Rxe1 Nc3+ 31. Kc2 Ne4 32. Bd3 Nxf2 33. Qf4+ Ka8 34. Qxf2 f4 35. Re4 g5 36. Qe1 a6 37.
Re8 Rxe8 38. Qxe8+ Ka7 39. Qe4 f3 40. Qf5 Qxf5 41.
Bxf5 f2 42. Bh3 b6 43. cxb6+ Kxb6 44. Kd2 h5 45. Ke3 g4 46. Bf1 g3 47. Kf3 h4 48.
Kg4 Kc5 49. Kxh4 Kb4 50. Kxg3 a5 51. Kxf2 Ka3 52. Ke3 Kxa2 53. Bc4 Ka3 54. Kd4 Kb4 55. Kd3 a4 56. bxa4 Kxa4 57. Bg8 Kb4 58. Kd2 c5 59. Kc1 c4 60. Bxc4 1/2-1/2

[Event "*** Titled Tuesday Blitz"]
[Site "Chess.com"]
[Date "2018.01.02"]
[Round "8"]
[White "NewBornNow"]
[Black "SmoothAsAHedgehog"]
[Result "0-1"]
[WhiteElo "2671"]
[BlackElo "2553"]
[TimeControl "180+2"]
[EndTime "14:49:13 PST"]
[Termination "SmoothAsAHedgehog won by checkmate"]

1. e4 e5 2. Nf3 Nc6 3. Bc4 Bc5 4. O-O Nf6 5. d3 d6 6. c3 Bb6 7. Re1 O-O 8. h3 Ne7 9. Bb3 Ng6 10. d4 h6 11. Nbd2 Nh7 12. Nf1 Qf6 13. Ng3 Ng5 14.
Nxg5 hxg5 15. Nh5 Qe7 16. Qf3 Nf4 17. dxe5 dxe5 18. Be3 g6 19. Nxf4 gxf4 20. Bxb6 axb6 21. Rad1 Kg7 22. Qd3 Qf6 23. f3 Rh8 24. Kf2 Bxh3 25. Qf1 Be6 26. Bxe6 Qxe6 27. a3 Qe7 28. Qb5 Ra5 29. Qb4 Qh4+ 30. Ke2 Qg5 31. Rg1 Rh2 32. Kf1 Ra8 33. Rd7 Rd8 34. Qb5 Kg8 35. Qd5 Rxd7 36. Qxd7 c6 37. Qxb7 Qd8 38. Ke2 c5 39. Qd5 Qc7 40. Kf2 Kg7 41. Rd1 Qe7 42. Rg1 Qh4+ 43. Kf1 Qe7 44. a4 Rh8 45. Ke2 Rd8 46. Qb3 Qc7 47.
Rd1 Rh8 48. Qd5 Rh2 49. Kf2 Qe7 50. Rg1 Qh4+ 51. Kf1 Qe7 52. b3 Rh8 53. Ke2 Rd8 54. Qc4 Qd6 55. Re1 Qd2+ 56. Kf1 Rh8 57. Re2 Rh1+ 58.
Kf2 Qd1 59. Qd5 Qf1# 0-1

[Event "*** Titled Tuesday Blitz"]
[Site "Chess.com"]
[Date "2018.01.02"]
[Round "8"]
[White "Mikhail_Golubev"]
[Black "Zufi1811"]
[Result "1-0"]
[WhiteElo "2345"]
[BlackElo "2408"]
[TimeControl "180+2"]
[EndTime "14:49:18 PST"]
[Termination "Mikhail_Golubev won on time"]

1. e4 c5 2. Nf3 d6 3. d4 cxd4 4. Nxd4 Nf6 5. Nc3 a6 6. Bc4 e6 7. O-O b5 8. Bb3 Be7 9. Qf3 Qb6 10. Be3 Qb7 11. Qg3 b4 12. Na4 Nbd7 13. f3 O-O 14.
Rfd1 Ne5 15. Rac1 Bd7 16. Nb6 Nh5 17. Qh3 Nf4 18. Bxf4 Qxb6 19. Kh1 Rfd8 20. Qg3 Ng6 21. Be3 Qb7 22. Bg5 Bxg5 23. Qxg5 a5 24. Nf5 exf5 25.
exf5 Nf8 26. f6 Ng6 27. h4 gxf6 28. Qxf6 Bc6 29. Re1 d5 30. h5 Nf8 31. Re7 Qxe7 32. Qxe7 Ne6 33. a4 bxa3 34. bxa3 a4 35. Ba2 h6 36. c4 d4 37. c5 Bd5 38. Bxd5 Rxd5 39. Qb7 Rdd8 40. c6 d3 41. c7 Rdc8 42. Qd5 Ra7 43.
Qxd3 Raxc7 44. Rxc7 Rxc7 45. Qe4 Rc5 46. g4 Rc3 47. Qxa4 Kg7 48. f4 Rg3 49. f5 Ng5 50.
Qd4+ Kh7 51. Qd6 Rxg4 52. Qd3 Kg7 53. Qc3+ Kh7 54. f6 1-0

[Event "*** Titled Tuesday Blitz"]
[Site "Chess.com"]
[Date "2018.01.02"]
[Round "8"]
[White "FairChess_on_YouTube"]
[Black "ChessQueen"]
[Result "1/2-1/2"]
[WhiteElo "2746"]
[BlackElo "2647"]
[TimeControl "180+2"]
[EndTime "14:49:22 PST"]
[Termination "Game drawn - insufficient material"]

1. Nc3 e5 2. Nf3 Nc6 3. d4 exd4 4. Nxd4 Nf6 5. Bg5 Nxd4 6. Qxd4 Be7 7. e4 O-O 8. O-O-O d6 9. f3 Be6 10. h4 h6 11. Be3 h5 12. Bg5 a6 13. Bc4 Bxc4 14. Qxc4 Qc8 15. Bxf6 Bxf6 16. Nd5 Bd8 17. Nf4 a5 18.
Nxh5 Qe6 19. Qxe6 fxe6 20. Ng3 a4 21. Ne2 a3 22. b3 Ra5 23. Nd4 Kf7 24. c4 Rh8 25. g3 Bf6 26. Ne2 Rah5 27. Nf4 R5h7 28. Nh3 Rh5 29. f4 Rc5 30. Nf2 b5 31. Nd3 Rc6 32.
c5 Bd4 33. Kd2 dxc5 34. Rc1 Rd8 35. Ke2 c4 36. Nb4 Rcd6 37. e5 R6d7 38. Nc6 cxb3 39. axb3 a2 40. Rhd1 Ke8 41. Nxd8 Rxd8 42. Rxc7 a1=Q 43.
Rxa1 Bxa1 44. Rxg7 Kf8 45. Rb7 Rd5 46. g4 Rd4 47. Ke3 Rb4 48. g5 Rxb3+ 49. Ke4 Rb4+ 50.
Kf3 Bxe5 51. fxe5 Rxh4 52. g6 b4 53. Rf7+ Kg8 54. Rb7 Rc4 55. Rb6 b3 56. Rxb3 Kg7 57.
Rb6 Kxg6 58. Rxe6+ Kf5 59. Re8 Rf4+ 60. Kg3 Re4 61. e6 Rxe6 62. Rxe6 Kxe6 1/2-1/2

[Event "*** Titled Tuesday Blitz"]
[Site "Chess.com"]
[Date "2018.01.02"]
[Round "8"]
[White "gkchesstiger"]
[Black "Andrejs_Sokolov"]
[Result "1-0"]
[WhiteElo "2651"]
[BlackElo "2615"]
[TimeControl "180+2"]
[EndTime "14:49:30 PST"]
[Termination "gkchesstiger won by resignation"]

1. d4 g6 2. Nf3 Bg7 3. c3 d6 4.
e4 Nf6 5. Bd3 O-O 6. O-O Bg4 7.
Nbd2 e5 8. h3 Bxf3 9. Nxf3 Nc6 10.
Re1 Nd7 11. Bb5 a6 12. Ba4 b5 13. Bb3 Na5 14. Bg5 Bf6 15. Bh6 Bg7 16. Qd2 Nxb3 17.
axb3 Qe7 18. b4 Rfe8 19. Bxg7 Kxg7 20. h4 Nf6 21. dxe5 dxe5 22. Qe3 Red8 23. Qg5 Re8 24.
Qe3 Red8 25. Red1 Rxd1+ 26. Rxd1 a5 27. bxa5 Rxa5 28. Qg5 h6 29. Qxe5 Qxe5 30. Nxe5 Nxe4 31. Rd7 Kf6 32. f4 Nd6 33. Rxc7 Ra2 34. Rc6 Ke7 35. Nd3 Nc4 36. Rc7+ Kf6 37. g4 Nxb2 38. Ne5 Ke6 39.
Nxf7 Nd3 40. Nxh6 Nxf4 41. Kf1 Ke5 42. Re7+ Kd5 43. Nf7 Rh2 44. Re5+ Kc6 45. Re4 Nd3 46. Re3 Rf2+ 47. Kg1 Rxf7 48. Rxd3 Rf4 49. Rg3 Kd5 50. Kg2 Ke6 51. h5 gxh5 52. gxh5 Rh4 53. Rh3 Rg4+ 54. Kf3 Rc4 55. Ke2 Kf7 56. Kd3 Rg4 57. h6 Kg8 58.
h7+ Kh8 59. Rh5 b4 60. c4 Rg3+ 61. Kd4 b3 62. Rh6 b2 63. Rb6 Rg2 64. Kc3 Kxh7 65.
Rxb2 Rg1 66. Rf2 Kg6 67. c5 Rc1+ 68. Kd4 Kg5 69. Kd5 Kg4 70. Kd6 1-0

[Event "*** Titled Tuesday Blitz"]
[Site "Chess.com"]
[Date "2018.01.02"]
[Round "8"]
[White "mokerslag"]
[Black "walkingcreep"]
[Result "1-0"]
[WhiteElo "2361"]
[BlackElo "2402"]
[TimeControl "180+2"]
[EndTime "14:49:32 PST"]
[Termination "mokerslag won by resignation"]

1. e4 d6 2. d4 Nf6 3. Nc3 Nbd7 4. Nf3 e5 5. Bc4 Be7 6. a4 O-O 7. O-O c6 8. Re1 exd4 9. Nxd4 Ne5 10. Ba2 Re8 11. h3 Bd7 12. Bg5 Qa5 13. Be3 Bd8 14.
Rb1 Qb4 15. Bg5 Bxh3 16. Nxc6 bxc6 17. gxh3 Ng6 18. Qd3 Nh5 19. Bd2 Qc5 20. Qf3 Bg5 21.
Bxf7+ Kh8 22. Qxh5 Bxd2 23. Bxg6 Qxh5 24. Bxh5 Bxe1 25. Bxe8 Bxc3 26. Bxc6 Rb8 27. b3 Be5 28. Bd5 a5 29. Bc4 g5 30. Kg2 Kg7 31. Rd1 Rc8 32. Rd5 Rc5 33. Rd3 Kf6 34. Rf3+ Bf4 35. h4 Ke5 36.
hxg5 Kxe4 37. Bd3+ Ke5 38. Bxh7 Bxg5 39. Rf5+ Ke6 40.
Rxc5 dxc5 41. Kf3 Ke5 42. Bd3 Bh4 43. Ke3 Bg5+ 44. Kf3 Bh4 45. Bh7 Kd4 46. Ke2 Ke5 47.
Ke3 Bg5+ 48. Kd3 Bh4 49. f3 Bg3 50. Kc4 Kd6 51. Be4 Bf4 52. Kb5 Bd2 53. f4 Bxf4 54.
Kxa5 c4 55. Kb4 cxb3 56. cxb3 Kc7 57. Kb5 Be3 58. b4 Bf2 59. Ka6 Bg1 60. b5 Bf2 61. a5 Kb8 62. b6 1-0

[Event "*** Titled Tuesday Blitz"]
[Site "Chess.com"]
[Date "2018.01.02"]
[Round "8"]
[White "Robert_Chessmood"]
[Black "AljoschaFeuerstack"]
[Result "1-0"]
[WhiteElo "2719"]
[BlackElo "1910"]
[TimeControl "180+2"]
[EndTime "14:49:33 PST"]
[Termination "Robert_Chessmood won by resignation"]

1. e4 c5 2. Nf3 e6 3. g3 d5 4. exd5 exd5 5. d4 Nc6 6. Bg2 Bg4 7. O-O cxd4 8. h3 Bxf3 9. Qxf3 Nf6 10. Bg5 Be7 11.
Bxf6 Bxf6 12. Re1+ Ne7 13. Qxd5 Qxd5 14. Bxd5 O-O 15.
Be4 Nc8 16. Nd2 Nd6 17. Bd3 Rfe8 18. Kg2 h5 19. a4 g6 20. a5 a6 21. Ne4 Nxe4 22.
Rxe4 Re7 23. Ra4 Rd8 24. Kf3 Rd5 25. Rxe7 Bxe7 26. Ke4 Rd7 27. Rc4 Kg7 28. Bf1 f5+ 29. Kd3 Rd5 30. Rc7 Kf6 31. Rxb7 Rxa5 32. f4 Ra2 33. Kxd4 Ra1 34. Rb6+ Kg7 35. Bxa6 Bf6+ 36. Ke3 Rg1 37. Rb7+ Kh6 38. Kf3 h4 39. gxh4 Bxh4 40. Bc4 Rg3+ 41. Ke2 Rxh3 42. b4 Rh2+ 43. Kd3 Bg3 44.
b5 Bxf4 45. b6 Rd2+ 46. Kc3 Rd8 47. Rf7 Rb8 48. b7 g5 49. Bd5 Kg6 50. Rd7 g4 51. Kd3 Be5 52. c4 f4 53. c5 f3 54. c6 f2 55. Ke2 g3 56. c7 Bxc7 57. Rxc7 Rd8 58. Bg2 Re8+ 59. Kd2 Rb8 60. Ke2 Re8+ 61. Kf3 1-0